 Dungeon Crawl Stone Soup version 0.31.0-32-g396128a36d (webtiles) character file.

Game seed: 8596786182642781662

130 PaiMei the Grave Robber (level 4, -2/30 HPs)
             Began as a Demonspawn Necromancer on Apr 2, 2024.
             Slain by an orc wizard
             ... wielding a +0 dagger
              (3 damage)
             ... on level 3 of the Dungeon.
             The game lasted 00:04:47 (2008 turns).

PaiMei the Grave Robber (Demonspawn Necromancer)    Turns: 2008, Time: 00:04:47

Health: -2/30      AC:  4    Str:  9    XL:     4   Next: 89%
Magic:  8/8        EV: 27    Int: 17    God:
Gold:   78         SH:  0    Dex: 13    Spells: 7/8 levels left

rFire   . . .        k - +2 club (spect)
rCold   . . .        (no shield)
rNeg    . . .        a - +0 robe
rPois   .            (no helmet)
rElec   .            (no cloak)
rCorr   .            (no gloves)
SInv    .            (no boots)
Will    .....        g - amulet of the acrobat
Stlth   ++           (no ring)
HPRegen 0.25/turn    (no ring)
MPRegen 0.11/turn

%: acrobat
@: acrobatic
A: slimy green scales 1, demonic magic 1
a: no special abilities


You were on level 3 of the Dungeon.
You visited 1 branch of the dungeon, and saw 3 of its levels.

You collected 78 gold pieces.

Inventory:

Hand Weapons
 k - a +2 spectral club (weapon)
Missiles
 f - 8 poisoned darts
Armour
 a - a +0 robe (worn)
Jewellery
 g - an amulet of the acrobat (around neck)
Scrolls
 c - a scroll of identify {unknown}
 h - 2 scrolls of teleportation {unknown}
 i - a scroll of noise {unknown}
Potions
 b - a potion of magic
 d - 3 potions of heal wounds {unknown}
 e - 2 potions of enlightenment {unknown}
 j - a potion of mutation {unknown}
 l - a potion of lignification {unknown}


   Skills:
 + Level 2.7 Dodging
 + Level 2.9 Stealth
 + Level 2.9 Spellcasting
 + Level 5.1 Necromancy


You had 7 spell levels left.
You knew the following spells:

 Your Spells              Type           Power      Damage    Failure   Level
a - Necrotise             Necr           76%        1d7       2%          1

Your spell library contained the following spells:

 Spells                   Type           Power      Damage    Failure   Level
 Vampiric Draining        Necr           19%        2d7       6%          3
 Animate Dead             Necr           19%        N/A       22%         4
 Curse of Agony           Necr           19%        N/A       52%         5


Dungeon Overview and Level Annotations

Branches:
Dungeon (3/15)

Altars:


Innate Abilities, Weirdness & Mutations

You are partially covered in slimy green scales. (AC +2)
Spells you cast may paralyse adjacent enemies.


Message History

You hit the orc priest.
You kill the orc priest!
Your +2 spectral club disappears.
The adder barely misses you.
The orc priest casts a cantrip, but nothing happens.
The hobgoblin hits you. The adder misses you.
Your Necromancy skill increases to level 5!
The adder completely misses you. The orc attacks as it pursues you!
The orc misses you.
The hobgoblin attacks as it pursues you!
The hobgoblin misses you.
The orc wizard casts a spell.
The orc wizard flickers and vanishes!
Deactivating autopickup; reactivate with Ctrl-A.
You hit the adder.
The adder is heavily wounded.
Your +2 spectral club completely misses the adder.
The adder bites you. The orc barely misses you.
The hobgoblin completely misses you. The adder closely misses you.
You hit the adder.
You kill the adder!
Your +2 spectral club disappears.
Something hits you. The orc hits you with a +0 short sword.
* * * LOW HITPOINT WARNING * * *
The hobgoblin misses you.
The orc priest looks satisfied for a moment.
Something hits you.
* * * LOW HITPOINT WARNING * * *
The orc hits you with a +0 short sword.
* * * LOW HITPOINT WARNING * * *
The hobgoblin barely misses you. The orc attacks as it pursues you!
The orc completely misses you. The orc closely misses you.
The orc priest looks braver for a moment.
Something hits you.
* * * LOW HITPOINT WARNING * * *
The hobgoblin completely misses you.
You see here an adder corpse.
Something hits you.
You die...

.# .##
########..###
##.....#.....##
##.............#.
#................
#.......o.o......
#......{ogo......
#.$.....@o)......
#................
#................
##......(........
##.....#........
########.......
....$.. ......
......


You could see an orc priest, 4 orcs and a hobgoblin.

Vanquished Creatures
  An orc priest (D:3)
  Jessica (D:2)
  2 adders
  3 dart slugs
  3 endoplasms
  A giant cockroach (D:1)
  3 goblins (D:1)
  2 hobgoblins (D:1)
  7 jackals (D:1)
  4 kobolds
  6 ball pythons
  6 bats
  2 frilled lizards
  6 rats
47 creatures vanquished.

Vanquished Creatures (collateral kills)
  2 endoplasms (D:1)
  A bat (D:1)
  2 rats (D:1)
5 creatures vanquished.

Grand Total: 52 creatures vanquished

Notes
Turn   | Place    | Note
-------+----------+-------------------------------------------
     0 | D:1      | PaiMei the Demonspawn Necromancer began the quest for the
                  | Orb.
     0 | D:1      | Reached XP level 1. HP: 13/13 MP: 3/3
   230 | D:1      | Gained mutation: You are partially covered in slimy green
                  | scales. (AC +2) [demonic ancestry]
   230 | D:1      | Reached XP level 2. HP: 19/19 MP: 3/5
   818 | D:1      | Gained mutation: Spells you cast may paralyse adjacent
                  | enemies. [demonic ancestry]
   818 | D:1      | Reached XP level 3. HP: 24/24 MP: 3/6
  1650 | D:2      | Noticed Jessica
  1656 | D:2      | Killed Jessica
  1657 | D:2      | Reached XP level 4. HP: 26/30 MP: 1/8
  2004 | D:3      | Reached skill level 5 in Necromancy
  2007 | D:3      | HP: 1/30 [something (4)]
  2008 | D:3      | Slain by an orc wizard

Illustrated notes

Levels and vault maps discovered:
D:1:      lightli_arrival_windingriver, layout_basic, serial_glass,
          glass_columns_a, glass_columns_a
D:2:      layout_basic, serial_aquarium, aquarium_bridge_long_joined
          [aquarium_subvault_wall, aquarium_subvault_wall,
          aquarium_subvault_bridge, aquarium_subvault_wall,
          aquarium_subvault_window, aquarium_subvault_bridge],
          aquarium_window_fake, aquarium_window_corridor_1, aquarium_view_2d,
          aquarium_view_2d, nicolae_figureground_sparkle, uniq_jessica
D:3:      layout_rooms

Skill      XL: |  1  2  3  4 |
---------------+-------------+-----
Stealth        | 2 |  2.9
Dodging        | 2 |  2.7
Necromancy     | 5 |  5.1
Spellcasting   | |  2.9

Action                     |  1- 3 |  4- 6 || total
---------------------------+-------+-------++-------
  Melee: Unarmed           |    31 |       ||    31
         Dagger            |    11 |       ||    11
         Club              |       |     7 ||     7
   Cast: Necrotise         |    82 |     5 ||    87
   Stab: Paralysed         |     2 |       ||     2
 Armour: Robe              |    43 |    12 ||    55
  Dodge: Dodged            |    65 |    19 ||    84
